 Dungeon Crawl Stone Soup version 0.17-a0-1887-g3e50df6 (webtiles) character file.

401 tp1 the Conjurer (level 6, -8/33 HPs)
             Began as a Deep Elf Conjurer on Sept 23, 2015.
             Killed from afar by Blork the orc (10 damage)
             ... with a puff of flame
             ... on level 4 of the Dungeon.
             The game lasted 00:39:31 (4042 turns).

tp1 the Conjurer (Deep Elf Conjurer)                Turns: 4042, Time: 00:39:31

Health: -8/33      AC:  4    Str:  7    XL:     6   Next: 54%
Magic:  2/17       EV: 13    Int: 20    God:
Gold:   85         SH:  0    Dex: 15    Spells: 4 memorised, 4 levels left

rFire  . . .     SeeInvis .     g - +4 dagger (venom)
rCold  . . .     Clarity  .     m - +1 robe {Archmagi}
rNeg   . . .     SustAt   .     (no shield)
rPois  .         Gourm    .     (no helmet)
rElec  .         Spirit   .     e - +0 cloak
rCorr  .         Warding  .     (no gloves)
rMut   .         Stasis   .     (no boots)
MR     .....                    (no amulet)
Stlth  ++........               (no ring)
                                (no ring)

@: very slightly contaminated, not resistant to hostile enchantments, unstealthy
A: MP-powered wands
a: no special abilities


You were on level 4 of the Dungeon.
You were not hungry.

You visited 1 branch of the dungeon, and saw 4 of its levels.

You collected 85 gold pieces.

Inventory:

Hand weapons
 g - a +4 dagger of venom (weapon)
Armour
 a - a +0 robe
 e - a +0 cloak (worn)
 f - a cursed +0 robe
 m - a +1 robe of the Archmagi (worn)
Jewellery
 q - an uncursed amulet of rage
Scrolls
 h - a scroll of remove curse
 k - 2 scrolls of identify
 o - a scroll of enchant weapon
 p - a scroll of amnesia
Potions
 d - 2 potions of brilliance
 i - a potion of cancellation {unknown}
 j - a potion of heal wounds {unknown}
 n - a potion of haste {unknown}
Books
 b - a book of Conjurations

   Spells                             Type                      Level
   a - Magic Dart                     Conjuration                  1
   b - Searing Ray                    Conjuration                  2
   c - Dazzling Spray                 Conjuration/Hexes            3
   d - Fulminant Prism                Conjuration/Hexes            4
   e - Iskenderun's Mystic Blast      Conjuration                  4
   f - Iskenderun's Battlesphere      Conjuration/Charms           5
Comestibles
 c - 2 bread rations
 l - a fruit
 r - 3 beef jerkies


   Skills:
 + Level 0.4 Fighting
 + Level 0.2 Short Blades
 + Level 3.0 Dodging
 + Level 3.5 Stealth
 + Level 6.1 Spellcasting
 + Level 6.5 Conjurations
 + Level 1.1 Hexes
 + Level 0.4 Charms


You had 4 spell levels left.
You knew the following spells:

 Your Spells              Type           Power        Failure   Level  Hunger
a - Magic Dart            Conj           ####         1%          1    None
b - Dazzling Spray        Conj/Hex       ####....     10%         3    ##.....
c - Fulminant Prism       Conj/Hex       ####......   24%         4    ####...
d - Iskenderun's Battles  Conj/Chrm      ####....     71%         5    #####..


Dungeon Overview and Level Annotations

Branches:
Dungeon (4/15)
 Temple: D:4-7

Altars:

Annotations:
D:4 Blork the orc


Innate Abilities, Weirdness & Mutations

You expend magic power (3 MP) to strengthen your wands.


Message History

Casting: Magic Dart
Confirm with . or Enter, or press ? or * to list all spells.
Aiming: Magic Dart
Press: ? - help, Shift-Dir - straight line, f/p - Blork the orc
Aim: Blork the orc, wielding a glaive and wearing a robe (severely wounded)
You feel a surge of power!
The magic dart hits Blork the orc.
Blork the orc is severely wounded.
Blork the orc points at you and mumbles some strange words.
The puff of flame hits you!
* * * LOW HITPOINT WARNING * * *
Casting: Magic Dart
Confirm with . or Enter, or press ? or * to list all spells.
Aiming: Magic Dart
Press: ? - help, Shift-Dir - straight line, f/p - Blork the orc
Aim: Blork the orc, wielding a glaive and wearing a robe (severely wounded)
You feel a surge of power!
The magic dart hits Blork the orc.
Blork the orc is almost dead.
Blork the orc casts a spell at you. The puff of flame hits you!
You die...

# .#
####..#
#@.o..#
#.##.## #
#.#
....###.#
.......<#
#########


You could see Blork the orc.

Vanquished Creatures
  Grinder (D:3)
  A centaur skeleton (D:4)
  An orc wizard (D:3)
  5 adders
  4 worms
  5 giant geckos
  7 orcs (D:3)
  3 giant cockroaches
  9 hobgoblins
  5 jackals
  5 ball pythons
  7 bats
  5 giant newts
  9 goblins
  3 kobolds
  11 rats
81 creatures vanquished.

Vanquished Creatures (others)
  3 fulminant prisms (D:3)
3 creatures vanquished.

Grand Total: 84 creatures vanquished

Notes
Turn   | Place    | Note
--------------------------------------------------------------
     0 | D:1      | tp1 the Deep Elf Conjurer began the quest for the Orb.
     0 | D:1      | Reached XP level 1. HP: 10/10 MP: 6/6
   363 | D:1      | Reached XP level 2. HP: 15/15 MP: 1/8
   683 | D:1      | Reached skill level 5 in Conjurations
  1311 | D:2      | Reached XP level 3. HP: 19/19 MP: 7/9
  1359 | D:2      | Learned a level 3 spell: Dazzling Spray
  1791 | D:2      | Reached XP level 4. HP: 24/24 MP: 3/11
  2160 | D:3      | Learned a level 4 spell: Fulminant Prism
  3120 | D:3      | Noticed Grinder
  3175 | D:3      | Killed Grinder
  3175 | D:3      | Reached skill level 5 in Spellcasting
  3175 | D:3      | Reached skill level 6 in Conjurations
  3175 | D:3      | Reached skill level 1 in Hexes
  3175 | D:3      | Reached XP level 5. HP: 4/28 MP: 5/15
  3175 | D:3      | Reached XP level 6. HP: 4/32 MP: 5/16
  3182 | D:3      | Learned a level 5 spell: Iskenderun's Battlesphere
  3225 | D:3      | Paralysed by miscasting Iskenderun's Battlesphere for 2 turns
  3475 | D:3      | Gained mutation: You expend magic power (3 MP) to strengthen your wands. [mutagenic glow]
  4024 | D:4      | Noticed Blork the orc
  4042 | D:4      | Killed from afar by Blork the orc

Vault maps used:
D:1:      evilmike_arrival_plus
D:2:      serial_bayou, serial_bayou_pond_b, serial_bayou_shore_a,
          serial_bayou_pond_e, serial_bayou_ford_a, first_bread,
          minmay_quantized
D:3:      gup_sewer_entry_spiral, uniq_grinder
D:4:      temple_statues, uniq_blork_the_orc

Action                   |  1- 3 |  4- 6 || total
-------------------------+-------+-------++-------
Melee: Dagger            |       |    11 ||    11
       Unarmed           |       |     2 ||     2
 Cast: Magic Dart        |    80 |    87 ||   167
       Dazzling Spray    |     1 |     8 ||     9
       Fulminant Prism   |       |     3 ||     3
  Use: Scroll            |       |     7 ||     7
  Eat: Bread ration      |     1 |     1 ||     2
       Meat ration       |       |     1 ||     1
